 Dungeon Crawl Stone Soup version 0.20-a0-336-g7b05759 (webtiles) character file.

93 FitzyFitz the Poker (level 4, -1/39 HPs)
             Began as a Naga Warper on Dec 21, 2016.
             Slain by an orc
             ... wielding a +0 flail
              (7 damage)
             ... on level 3 of the Dungeon.
             The game lasted 00:04:27 (2140 turns).

FitzyFitz the Poker (Naga Warper)                   Turns: 2140, Time: 00:04:27

Health: -1/39      AC:  3    Str: 18    XL:     4   Next: 61%
Magic:  7/7        EV:  9    Int: 15    God:
Gold:   92         SH:  6    Dex: 10    Spells: 0/7 levels left

rFire  . . .     SeeInvis +     a - +0 spear
rCold  . . .     Gourm    .     b - +0 leather armour
rNeg   . . .     Faith    .     (no shield)
rPois  +         Spirit   .     h - +0 helmet
rElec  .         Reflect  +     (no cloak)
rCorr  .         Harm     .     (no gloves)
MR     .....     Rnd*Tele +     (no barding)
Stlth  +.........               u - +6 amulet of reflection (curse)
                                (no ring)
                                y - ring of teleportation (curse)

@: mighty, short of breath, heavily drained, very slow
A: see invisible, deformed body, poison resistance, slowness 2, slow metabolism
1, spit poison 1, AC +1
a: Spit Poison


You were on level 3 of the Dungeon.
You were not hungry.

You visited 1 branch of the dungeon, and saw 3 of its levels.

You collected 92 gold pieces.

Inventory:

Hand Weapons
 a - a +0 spear (weapon)
 g - a +0 spear
 v - a +0 hunting sling
Missiles
 e - 5 tomahawks of dispersal (quivered)
 i - 42 stones
 o - 22 sling bullets
Armour
 b - a +0 leather armour (worn)
 h - a +0 helmet (worn)
Jewellery
 r - an uncursed amulet of harm
 u - a cursed +6 amulet of reflection (around neck)
 y - a cursed ring of teleportation (left hand)
Scrolls
 d - 2 scrolls of blinking
 m - a scroll of magic mapping {unknown}
 p - a scroll of teleportation {unknown}
 q - a scroll of amnesia {unknown}
 x - a scroll of remove curse {unknown}
Potions
 k - 2 potions of agility
 l - a potion of flight {unknown}
 t - a potion of lignification {unknown}
 w - a potion of degeneration {unknown}
Books
 c - a book of Spatial Translocations

   Spells                             Type                      Level
   a - Blink                          Translocation                2
   b - Shroud of Golubria             Charms/Translocation         2
   c - Lesser Beckoning               Translocation                3
   d - Portal Projectile              Translocation                3
   e - Teleport Other                 Translocation                3
   f - Passage of Golubria            Translocation                4
Comestibles
 f - 3 bread rations
 j - 5 fruits
 s - a slice of pizza
 z - a chunk of flesh


   Skills:
 - Level 2.0(0.5) Fighting
 + Level 4.6(3.1) Polearms
 - Level 0.8(0.0) Throwing
 - Level 0.7(0.0) Armour
 - Level 1.5(0.1) Dodging
 - Level 2.0(0.5) Spellcasting
 - Level 3.0(1.5) Translocations


You couldn't memorise any spells.
You knew the following spells:

 Your Spells              Type           Power        Failure   Level  Hunger
a - Blink                 Tloc           N/A          28%         2    ###....
b - Shroud of Golubria    Chrm/Tloc      #.........   38%         2    ###....
c - Lesser Beckoning      Tloc           #.........   54%         3    ####...


Dungeon Overview and Level Annotations

Branches:
Dungeon (3/15)

Altars:


Innate Abilities, Weirdness & Mutations

You cannot wear boots.
Your serpentine skin is tough. (AC +1)
You have supernaturally acute eyesight. (SInv)
Armour fits poorly on your strangely shaped body.
Your system is resistant to poisons. (rPois)
You cover ground very slowly.
You have a slow metabolism.
You can spit poison.


Message History

A quokka and a kobold come into view.
Found a puce potion.
You block the quokka's attack. The orc hits you with a flail.
The quokka bites you but does no damage.
The quokka bites you. The quokka bites you.
* * * LOW HITPOINT WARNING * * *
The orc hits you with a flail.
* * * LOW HITPOINT WARNING * * *
Found a stone staircase leading up.
Press: ? - help, Shift-Dir - straight line, f - quokka
Aim: a quokka The splash of poison hits the orc.
The orc is heavily wounded.
You feel slightly more hungry. The orc barely misses you.
You feel very mighty all of a sudden.
You closely miss the orc.
The orc is heavily wounded.
The orc hits you with a flail!
You die...

#.......#
#.......#
#.......# ###
#.......# ..<.
#.......# .....
#.......#
#..!###g.$....#..#
#....@or.....!...#
#....##K.......#.#
##### ########.# #


You could see an orc, a quokka, a goblin and a kobold.

Vanquished Creatures
  Terence (D:2)
  3 adders
  An adder skeleton (D:2)
  A dart slug (D:2)
  2 leopard geckos (D:1)
  A bat zombie (D:2)
  A giant cockroach (D:2)
  6 hobgoblins
  4 bats
  3 frilled lizards
  A giant cockroach zombie (D:2)
  5 goblins
  5 kobolds
  A leopard gecko skeleton (D:2)
  6 rats
41 creatures vanquished.

Notes
Turn   | Place    | Note
-------+----------+-------------------------------------------
     0 | D:1      | FitzyFitz the Naga Warper began the quest for the Orb.
     0 | D:1      | Reached XP level 1. HP: 19/19 MP: 3/3
   385 | D:1      | Reached XP level 2. HP: 23/26 MP: 5/5
   747 | D:1      | Reached skill level 3 in Polearms
   951 | D:1      | Learned a level 2 spell: Blink
   954 | D:1      | Learned a level 2 spell: Shroud of Golubria
  1130 | D:2      | Noticed Terence
  1138 | D:2      | Killed Terence
  1138 | D:2      | Reached XP level 3. HP: 32/32 MP: 6/6
  1449 | D:2      | Reached skill level 4 in Polearms
  1660 | D:2      | Reached XP level 4. HP: 37/39 MP: 7/7
  2034 | D:2      | Learned a level 3 spell: Lesser Beckoning
  2140 | D:3      | Slain by an orc

Vault maps used:
D:1:      dpeg_arrival_water_temple_mockup, kennysheep_crisscross
D:2:      serial_undead, serial_undead_b, serial_undead_f, serial_undead_c,
          serial_undead_d, minmay_misc_feat_four_crosses, minmay_tetromino_o4,
          uniq_terence
D:3:      tgw_sif

Skill      XL: |  1  2  3 |
---------------+----------+-----
Polearms       | 3 4 |  4.6
Fighting       | |  2.0
Throwing       | |  0.8
Armour         | |  0.7
Dodging        | |  1.5
Spellcasting   | |  2.0
Translocations | |  3.0

Action                   |  1- 3 |  4- 6 || total
-------------------------+-------+-------++-------
Melee: Spear             |   109 |    43 ||   152
 Abil: Spit Poison       |     2 |     3 ||     5
  Use: Scroll            |       |     3 ||     3
       Potion            |       |     1 ||     1
  Eat: Chunk             |     1 |     2 ||     3
Armor: Leather armour    |    32 |    14 ||    46
Dodge: Dodged            |    45 |    18 ||    63
Block: Other             |       |     3 ||     3
